 Dungeon Crawl Stone Soup version 0.29-a0-283-ga02f740833 (webtiles) character file.

Game seed: 3793673411529185550

189 Ajdolov the Chiller (level 5, -1/42 HPs)
             Began as a Naga Ice Elementalist on Mar 13, 2022.
             Slain by an ufetubus (3 damage)
             ... on level 5 of the Dungeon.
             The game lasted 00:06:35 (3306 turns).

Ajdolov the Chiller (Naga Ice Elementalist)         Turns: 3306, Time: 00:06:36

Health: -1/42      AC:  2    Str: 10    XL:     5   Next: 68%
Magic:  5/8        EV:  9    Int: 18    God:
Gold:   119        SH:  0    Dex: 11    Spells: 4/8 levels left

rFire   . . .      SeeInvis +   n - staff of cold
rCold   + . .      Faith    .   (no shield)
rNeg    . . .      Spirit   .   a - +0 robe
rPois   +          Reflect  .   (no helmet)
rElec   .          Harm     .   (no cloak)
rCorr   .          Rampage  .   (no gloves)
Will    .....                   (no barding)
Stlth   +++.......              (no amulet)
HPRegen 0.14/turn               (no ring)
MPRegen 0.11/turn               (no ring)

@: freezing walls, very slow
A: AC +1, large, see invisible, deformed body, poison resistance, slowness 2,
spit poison 1, naga tail 1, mutation resistance 1
a: Spit Poison


You were on level 5 of the Dungeon.
You visited 1 branch of the dungeon, and saw 4 of its levels.

You collected 119 gold pieces.

Inventory:

Armour
 a - a +0 robe (worn)
Magical Staves
 n - a staff of cold (weapon)
Scrolls
 c - a scroll of noise {unknown}
 d - a scroll of fog {unknown}
 e - 7 scrolls of identify {unknown}
 g - a scroll of summoning {unknown}
 h - 2 scrolls of teleportation {unknown}
 i - a scroll of fear {unknown}
 l - a scroll of immolation {unknown}
 o - a scroll of enchant armour {unknown}
Potions
 b - a potion of magic
 f - a potion of cancellation {unknown}
 k - a potion of heal wounds {unknown}
 m - a potion of brilliance {unknown}


   Skills:
 - Level 1.5 Dodging
 + Level 5.6 Stealth
 - Level 2.0 Spellcasting
 * Level 6.0 Ice Magic


You had 4 spell levels left.
You knew the following spells:

 Your Spells              Type           Power      Damage    Failure   Level
a - Freeze                Ice            100%       1d11      1%          1
b - Frozen Ramparts       Ice            70%        1d9       4%          3

Your spell library contained the following spells:

 Spells                   Type           Power      Damage    Failure   Level
 Ozocubu's Armour         Ice            35%        N/A       4%          3
 Sandblast                Erth           2%         2d4       19%         1
 Passwall                 Tmut/Erth      0%         N/A       26%         2
 Hailstorm                Conj/Ice       18%        3d6       45%         4
 Gell's Gravitas          Tloc           1%         N/A       47%         3
 Stone Arrow              Conj/Erth      2%         3d7       47%         3
 Teleport Other           Tloc           1%         N/A       47%         3
 Dispersal                Tloc           0%         N/A       100%        6


Dungeon Overview and Level Annotations

Branches:
Dungeon (5/15)
 Temple: D:4-7

Altars:
Uskayaw

Shops:
D:1 !

Annotations:
D:5 exclusion: ice beast


Innate Abilities, Weirdness & Mutations

Your serpentine skin is tough. (AC +1)
You have supernaturally acute eyesight. (SInv)
Armour fits poorly on your strangely shaped body.
Your system is resistant to poisons. (rPois)
You cover ground very slowly.
You can spit poison.
You have a snake-like lower body.
You are somewhat resistant to further mutation.


Message History

The ufetubus barely misses you. The ufetubus hits you.
The orc priest begins to cast a cantrip, but forgets the words!
The jackal bites you.
A jackal comes into view.
The jackal attacks as you move away! The jackal closely misses you.
The ufetubus attacks as you move away! The ufetubus hits you. x2
The orc priest miscasts a cantrip.
The ufetubus barely misses you. The ufetubus completely misses you.
The jackal bites you but does no damage.
The orc priest miscasts a cantrip.
The ufetubus hits you.
The ufetubus hits you but does no damage.
The jackal attacks as you move away! The jackal completely misses you.
The jackal bites you.
* * * LOW HITPOINT WARNING * * *
The ufetubus hits you but does no damage.
The ufetubus hits you.
* * * LOW HITPOINT WARNING * * *
Casting: Freeze (safe; 1% risk of failure)
Confirm with . or Enter, or press ? or * to list all spells.
You don't know that spell.
Unknown command.
Casting: Freeze (safe; 1% risk of failure)
Confirm with . or Enter, or press ? or * to list all spells.
Casting: Frozen Ramparts (dangerous; 4% risk of failure)
Press: ? - help, Dir - look around, f - activate You feel a surge of power!
The walls around you are covered in ice.
The jackal barks!
The ufetubus resists.
The wall freezes the ufetubus.
The ufetubus hits you.
* * * LOW HITPOINT WARNING * * *
The ufetubus hits you.
* * * LOW HITPOINT WARNING * * *
The jackal barely misses you.
The wall freezes the orc!
You kill the orc!
It was a potion of mutation.
You feel extremely strange.
You feel genetically stable.
The ufetubus resists.
The wall freezes the ufetubus.
The ufetubus misses you. The ufetubus hits you.
You die...

.......#>...........>..
#........##..)).........
.รท.......#####.....8.8..
........## ##......oh.
......### #..8..h..8
.....## #......... ...###
#).8.....8 ####
#o5h...... ##@..8.8..
#........ ##...$...
.#._.#. ....... #######


You could see an orc priest, an orc, an ufetubus and 3 jackals.

Vanquished Creatures
  A scorpion (D:5)
  A hound (D:2)
  Robin (D:2)
  2 adders
  2 worms (D:2)
  3 dart slugs
  6 orcs (D:5)
  2 endoplasms (D:2)
  2 giant cockroaches (D:2)
  7 goblins (D:2)
  8 hobgoblins
  3 kobolds
  4 ball pythons
  5 bats
  3 frilled lizards
  2 rats
52 creatures vanquished.

Notes
Turn   | Place    | Note
-------+----------+-------------------------------------------
     0 | D:1      | Ajdolov the Naga Ice Elementalist began the quest for the
                  | Orb.
     0 | D:1      | Reached XP level 1. HP: 15/15 MP: 3/3
   203 | D:1      | Reached XP level 2. HP: 22/22 MP: 5/5
   503 | D:1      | Found Piagin's Distillery.
   506 | D:1      | Found a faded altar of an unknown god.
  1352 | D:2      | Noticed Robin
  1373 | D:2      | Reached XP level 3. HP: 23/28 MP: 0/6
  1377 | D:2      | Learned a level 3 spell: Frozen Ramparts
  1578 | D:2      | Killed Robin
  1867 | D:2      | Reached skill level 5 in Ice Magic
  1945 | D:2      | Reached XP level 4. HP: 34/36 MP: 3/7
  2734 | D:3      | You fall into a shaft and drop 2 floors!
  2734 | D:5      | Entered Level 5 of the Dungeon
  2738 | D:5      | Noticed an ice beast
  2757 | D:5      | Reached skill level 5 in Stealth
  2771 | D:5      | Reached XP level 5. HP: 16/42 MP: 2/8
  3017 | D:5      | Reached skill level 6 in Ice Magic
  3300 | D:5      | Found a hide-covered altar of Uskayaw.
  3305 | D:5      | HP: 2/42 [ufetubus (3)]
  3306 | D:5      | Gained mutation: You are somewhat resistant to further
                  | mutation. [potion of mutation]
  3306 | D:5      | Slain by an ufetubus

Illustrated notes

Levels and vault maps discovered:
D:1:      doesnt_arrival_eight_statues, layout_loops_corners, serial_shops,
          shop_fountains, chequers_ecumenical_altar_simple
D:2:      layout_basic, minmay_hedge_maze, uniq_robin
D:3:      layout_rooms, chequers_temple_overflow_statue_of_worship,
          serial_shops, nicolae_shop_behind_doors, minmay_misc_feat_four_crosses
D:5:      layout_cave_pods, nicolae_uskayaw_dance_hall,
          minmay_temple_entry_stoned_glass

Skill      XL: |  1  2  3  4  5 |
---------------+----------------+-----
Stealth        | 4 5 |  5.6
Ice Magic      | 5 6 |  6.0
Dodging        | |  1.5
Spellcasting   | |  2.0

Action                   |  1- 3 |  4- 6 || total
-------------------------+-------+-------++-------
Melee: Short sword       |    17 |    53 ||    70
       Unarmed           |     1 |       ||     1
       Staff             |       |    15 ||    15
       Punch             |       |     1 ||     1
 Cast: Freeze            |    39 |    10 ||    49
       Frozen Ramparts   |     1 |     8 ||     9
 Abil: Spit Poison       |    11 |     3 ||    14
  Use: Potion            |       |     1 ||     1
 Stab: Sleeping          |     4 |       ||     4
Armor: Robe              |    13 |    17 ||    30
Dodge: Dodged            |    30 |    38 ||    68

Table legend: (Time is in decaauts)
 A = Elapsed time spent in this place.
 B = Non-inter-level travel time spent in this place.
 C = Inter-level travel time spent in this place.
 D = Time resting spent in this place.
 E = Time spent auto-exploring this place.
 F = Levels seen in this place.
 G = Mean time per level.
                   A        B        C        D        E       F      G
               +--------+--------+--------+--------+--------+-----+--------+
         Total |   3946 |   3889 |     57 |   1083 |   2119 |   4 |  986.5 |
       Dungeon |   3946 |   3889 |     57 |   1083 |   2119 |   4 |  986.5 |
               +--------+--------+--------+--------+--------+-----+--------+

Top non-repeatable levels by time:
     D:2: 1730 daAuts
     D:1: 1510 daAuts
     D:5: 629 daAuts
     D:3: 76 daAuts
